AoeStats
← Leboeuf

Nomad

510242850Analyzed
3v3 RM · 1d ago on Sep 30, 2026· 44m 7s· 6 players
Game mode
Random Map
Map size
210×210
Population
200
Speed
Normal
Resources
Standard
Victory
Conquest
Starting age
Dark Age
Ending age
Imperial Age
RankedLock teamsTeams togetherTeam positionsShared explorationLock speedFull tech treeHidden civsTurbo modeCheats
Victory
Defeat
🇺🇸 Britons · United States
1190
+13
🇺🇸 Bengalis · United States
1185
+13
🇺🇸 Spanish · United States
1164
+14
🇨🇦 Spanish · Canada
1128
-14
🇨🇦 Ethiopians · Canada
1118
-13
🇸🇪 Burmese · Sweden
1114
-13
Leboeuf
6:30 Loom
13:43 Feudal Age
14:16 Double-Bit Axe
20:56 Castle Age
19:13 Horse Collar
22:36 Scale Barding Armor
23:30 Town Watch
24:26 Wheelbarrow
25:00 Forging
27:16 Hand Cart
27:29 Husbandry
28:28 Gold Mining
30:39 Bloodlines
34:30 Imperial Age
32:36 Stone Mining
34:04 Chain Barding Armor
34:20 Iron Casting
35:11 Heavy Plow
35:52 Plate Barding Armor
34:47 Cavalier
41:20 Chemistry
41:22 Conscription
40:28 Paladin
s
16:07 Feudal Age
15:17 Loom
22:07 Castle Age
Barnico
5:49 Loom
14:46 Feudal Age
15:26 Double-Bit Axe
21:23 Castle Age
19:20 Stone Mining
25:30 Gold Mining
28:05 Horse Collar
33:50 Imperial Age
31:29 Padded Archer Armor
31:20 Fletching
32:28 Fletching
32:47 Elite Skirmisher
34:57 Halberdier
35:38 Squires
35:55 Scale Mail Armor
36:53 Leather Archer Armor
38:58 Bow Saw
39:15 Forging
41:10 Town Watch
Bilbo's Last Clean Doily
5:05 Loom
13:54 Feudal Age
15:27 Double-Bit Axe
17:56 Fletching
20:13 Castle Age
21:09 Medium Warships
21:03 Bodkin Arrow
22:52 Padded Archer Armor
24:44 Wheelbarrow
23:54 Town Watch
28:26 Gold Mining
28:26 Stone Mining
28:54 Bow Saw
29:51 Scale Barding Armor
29:57 Forging
33:57 Iron Casting
39:47 Imperial Age
40:09 Gold Shaft Mining
39:59 Chain Barding Armor
39:52 Bloodlines
39:43 Husbandry
40:06 Onager
41:02 Siege Engineers
42:54 Pikeman
43:35 Scale Mail Armor
44:36 Blast Furnace
RoadToEndTheGame
14:28 Feudal Age
14:41 Man-at-Arms
15:06 Arson
15:20 Fishing Lines
15:39 Double-Bit Axe
19:07 Scale Mail Armor
23:36 Loom
24:28 Wheelbarrow
32:00 Castle Age
33:30 Bow Saw
34:02 Gillnets
37:02 Town Watch
37:33 Hand Cart
37:45 Gold Mining
39:57 Gold Shaft Mining
39:13 Stone Mining
42:08 Town Patrol
43:59 Guard Tower
44:19 Fletching
Piyochon
4:17 Loom
12:16 Feudal Age
21:46 Castle Age
22:22 Fletching
22:32 Padded Archer Armor
23:40 Bodkin Arrow
24:00 Leather Archer Armor
27:02 Ballistics
27:04 Thumb Ring
37:26 Imperial Age
39:33 Chemistry
38:35 Bracer
39:05 Ring Archer Armor
38:17 Heavy Mounted Crossbowman
41:00 Capped Ram
Connection lost

Rejoining the realm…

Still unreachable

The connection could not be restored.

Session expired

The server has moved on; the page needs a fresh start.